 Seeded DCSS version 0.30-a0-779-g7971cf19c3 (webtiles) character file.

Game seed: 8796237800415217726 (custom seed)

43 BigDaddyOpFi the Digger (level 3, -1/19 HPs)
             Began as a Deep Elf Earth Elementalist on Feb 17, 2023.
             Slain by a gnoll
             ... wielding a +0 flail
              (11 damage)
             ... on level 2 of the Dungeon.
             The game lasted 00:01:25 (863 turns).

BigDaddyOpFi the Digger (DEEE)                       Turns: 863, Time: 00:01:26

Health: -1/19      AC:  2    Str:  5    XL:     3   Next: 37%
Magic:  5/10       EV: 13    Int: 21    God:
Gold:   1663       SH:  0    Dex: 15    Spells: 8/9 levels left

rFire   . . .      SeeInvis .    h - +1 short sword (speed)
rCold   . . .      Faith    .    (no shield)
rNeg    . . .      Spirit   .    a - +0 robe
rPois   .          Reflect  .    g - +0 hat of a volcano {Drain rElec Slay+2}
rElec   +          Harm     .    (no cloak)
rCorr   .          Rampage  .    (no gloves)
Will    .....                    (no boots)
Stlth   ++                       l - amulet of regeneration
HPRegen 1.03/turn                (no ring)
MPRegen 0.12/turn                (no ring)

@: no status effects
A: no striking features
a: no special abilities


You were on level 2 of the Dungeon.
You visited 1 branch of the dungeon, and saw 2 of its levels.

You collected 1663 gold pieces.

Inventory:

Hand Weapons
 h - a +1 short sword of speed (weapon)
Armour
 a - a +0 robe (worn)
 g - the +0 hat of a volcano (worn) {Drain rElec Slay+2}
   (You acquired it on level 1 of the Dungeon)

   Slay:      It affects your accuracy & damage with ranged weapons and melee
   (+2).
   rElec:     It insulates you from electricity.
   Drain:     It drains your maximum health when unequipped.
Jewellery
 l - an amulet of regeneration (around neck)
Scrolls
 f - a scroll of teleportation {unknown}
 i - 2 scrolls of noise {unknown}
 n - a scroll of identify {unknown}
 o - a scroll of magic mapping {unknown}
 p - a scroll of immolation {unknown}
Potions
 b - 2 potions of magic
 c - a potion of curing {unknown}
 d - a potion of attraction {unknown}
 e - 2 potions of berserk rage {unknown}
 j - a potion of mutation {unknown}
 k - a potion of lignification {unknown}
 m - a potion of invisibility {unknown}


   Skills:
 + Level 3.0 Dodging
 + Level 3.1 Stealth
 + Level 3.5 Spellcasting
 + Level 1.8 Transmutations
 + Level 3.6 Earth Magic


You had 8 spell levels left.
You knew the following spells:

 Your Spells              Type           Power      Damage    Failure   Level
a - Sandblast             Erth           38%        2d10      2%          1

Your spell library contained the following spells:

 Spells                   Type           Power      Damage    Failure   Level
 Passwall                 Tmut/Erth      12%        N/A       6%          2
 Stone Arrow              Conj/Erth      22%        3d8       19%         3
 Petrify                  Tmut/Erth      15%        N/A       36%         4


Dungeon Overview and Level Annotations

Branches:
Dungeon (2/15)

Altars:

Shops:
D:1 :


Message History

Your experience leads to an increase in your attributes!
Increase (S)trength, (I)ntelligence, or (D)exterity?
You feel clever. x2
A bat comes into view.
A bat is nearby!
The bat hits you but does no damage.
A bat is nearby!
You hit the bat.
The bat is severely wounded.
The bat closely misses you. The bat misses you.
The blast of sand hits the bat!
You kill the bat!
You can't see any susceptible monsters within range! (Use Z to cast anyway.) No target in view!
p - a scroll labelled EJUACL BUXEUL No target in view!
i - 2 scrolls labelled BYHIASM BYEGIA (gained 1)
A gnoll comes into view. It is wielding a +0 flail.
Found a scroll labelled ABESKAATIJ.
Found a scroll labelled REWEXZI FEGE.
Found a faded altar of an unknown god.
A gnoll is nearby! 2 gnolls and a hobgoblin come into view.
The gnoll shouts!
The hobgoblin shouts!
There are monsters nearby!
The blast of sand hits the gnoll!
The gnoll is severely wounded.
The gnoll shouts! x2
The blast of sand hits the gnoll.
You kill the gnoll!
Your Dodging skill increases to level 3!
The blast of sand hits the hobgoblin.
The hobgoblin is severely wounded.
The hobgoblin hits you.
The blast of sand hits the hobgoblin.
You kill the hobgoblin!
The gnoll hits you with a +0 flail!
You are too injured to fight recklessly!
The gnoll attacks as you move away! The gnoll hits you with a +0 flail!
Ouch! That really hurt!
You die...

.. ########## .. .
#........# .# ..
#.######.# .# ...
#.######.# .# 8...
.#####.#......# .#.....
.......#.##########.8.8...
.####...........@g.g..?_..
#....##########...8?8.
.####............ ..)....
..........##### ###..8#
......#....†..# ###
#########.###.# #.#.#.
#...#.###### ###
#.#.#......# #.#


You could see 2 gnolls.

Vanquished Creatures
  A gnoll (D:2)
  An adder (D:2)
  A worm (D:2)
  3 endoplasms
  A giant cockroach (D:2)
  2 hobgoblins
  2 ball pythons (D:1)
  4 bats
  2 goblins
  A kobold (D:1)
  4 rats (D:1)
22 creatures vanquished.

Notes
Turn   | Place    | Note
-------+----------+-------------------------------------------
     0 | D:1      | BigDaddyOpFi the Deep Elf Earth Elementalist began the
                  | quest for the Orb.
     0 | D:1      | Reached XP level 1. HP: 10/10 MP: 6/6
    69 | D:1      | Found Veoliky's Book Emporium.
   104 | D:1      | Identified 3 scrolls of acquirement
   104 | D:1      | Acquired 882 gold pieces
   106 | D:1      | Acquired the +0 hat of a volcano {Drain rElec Slay+2}
   108 | D:1      | Acquired 703 gold pieces
   378 | D:1      | Reached XP level 2. HP: 15/15 MP: 8/8
   775 | D:2      | Reached XP level 3. HP: 19/19 MP: 5/9
   854 | D:2      | Found a faded altar of an unknown god.
   863 | D:2      | Slain by a gnoll

Illustrated notes

Levels and vault maps discovered:
D:1:      heliophobic_arrival_henge, layout_rooms, serial_shops, shop_statue
D:2:      layout_basic, serial_shops, nicolae_lakefront_shop,
          ebering_ecumenical_altar_ruins

Skill      XL: |  1  2  3 |
---------------+----------+-----
Stealth        | 3 |  3.1
Dodging        | 3 |  3.0
Spellcasting   | |  3.5
Transmutations | |  1.8
Earth Magic    | |  3.6

Action                     || total
---------------------------++-------
  Melee: Unarmed           ||     5
         Short sword       ||    10
   Cast: Sandblast         ||    29
    Use: Scroll            ||     3
 Armour: Robe              ||    11
  Dodge: Dodged            ||    30

Table legend: (Time is in decaauts)
 A = Elapsed time spent in this place.
 B = Non-inter-level travel time spent in this place.
 C = Inter-level travel time spent in this place.
 D = Time resting spent in this place.
 E = Time spent auto-exploring this place.
 F = Levels seen in this place.
 G = Mean time per level.
                   A        B        C        D        E       F      G
               +--------+--------+--------+--------+--------+-----+--------+
         Total |    873 |    844 |     29 |     14 |    655 |   2 |  436.5 |
       Dungeon |    873 |    844 |     29 |     14 |    655 |   2 |  436.5 |
               +--------+--------+--------+--------+--------+-----+--------+

Top non-repeatable levels by time:
     D:1: 653 daAuts
     D:2: 219 daAuts
